 Dungeon Crawl Stone Soup version 0.18-b1-22-ge198996 (webtiles) character file.

78 RudyRod the Firebug (level 4, -1/30 HPs)
             Began as a Demonspawn Fire Elementalist on May 4, 2016.
             Slain by a kobold
             ... wielding a +3 whip of electrocution
              (4 damage)
             ... on level 2 of the Dungeon.
             The game lasted 00:10:38 (2523 turns).

RudyRod the Firebug (Demonspawn Fire Elementalist)  Turns: 2523, Time: 00:10:40

Health: -1/30      AC:  3    Str: 12    XL:     4   Next: 15%
Magic:  3/8        EV: 12    Int: 22    God:
Gold:   88         SH:  0    Dex: 13    Spells: 1 memorised, 7 levels left

rFire  . . .     SeeInvis +     h - +2 dagger (pain)
rCold  . . .     Gourm    .     g - +0 leather armour
rNeg   . . .     Faith    .     (no shield)
rPois  .         Spirit   .     (helmet restricted)
rElec  .         Dismiss  .     (no cloak)
rCorr  .         Reflect  .     (no gloves)
SustAt .         Harm     .     (no boots)
MR     .....                    (no amulet)
Stlth  ++........               m - ring of see invisible
                                i - +3 ring of strength

@: brilliant, not resistant to hostile enchantments, unstealthy
A: horns 1, rot immunity
a: no special abilities


You were on level 2 of the Dungeon.
You were not hungry.

You visited 1 branch of the dungeon, and saw 2 of its levels.

You collected 88 gold pieces.

Inventory:

Hand Weapons
 e - a +0 club
 h - a +2 dagger of pain (weapon)
Armour
 a - a +0 robe
 g - a +0 leather armour (worn)
Jewellery
 d - an uncursed ring of resist corrosion {unknown}
 i - a +3 ring of strength (left hand)
 m - a ring of see invisible (right hand)
Scrolls
 p - a scroll of magic mapping
 r - a scroll of teleportation {unknown}
Potions
 f - a potion of haste {unknown}
 j - a potion of resistance {unknown}
 l - 2 potions of brilliance
 q - a potion of curing {unknown}
Books
 b - a book of Flames

   Spells                             Type                      Level
   a - Flame Tongue                   Conjuration/Fire             1
   b - Throw Flame                    Conjuration/Fire             2
   c - Conjure Flame                  Conjuration/Fire             3
   d - Inner Flame                    Hexes/Fire                   3
   e - Sticky Flame                   Conjuration/Fire             4
   f - Fireball                       Conjuration/Fire             5
Comestibles
 c - a bread ration
 k - 4 meat rations
 n - 2 beef jerkies


   Skills:
 + Level 0.6 Armour
 + Level 2.0 Dodging
 + Level 1.8 Stealth
 + Level 2.9 Spellcasting
 + Level 1.4 Conjurations
 + Level 3.5 Fire Magic


You had 7 spell levels left.
You knew the following spells:

 Your Spells              Type           Power        Failure   Level  Hunger
a - Flame Tongue          Conj/Fire      ####.        1%          1    None


Dungeon Overview and Level Annotations

Branches:
Dungeon (2/15)

Altars:


Innate Abilities, Weirdness & Mutations

You have a pair of small horns on your head.
You are immune to rotting.


Message History

The flame tongue hits the gnoll.
You kill the gnoll!
The quokka bites you but does no damage.
The gnoll hits you but does no damage. The quokka barely misses you.
You hit the quokka. Your headbutt misses the quokka.
The quokka is almost dead.
The quokka misses you.
The kobold hits you with a whip of electrocution.
* * * LOW HITPOINT WARNING * * *
Casting: Flame Tongue
Confirm with . or Enter, or press ? or * to list all spells.
Aiming: Flame Tongue
Press: ? - help, Shift-Dir - straight line, f - quokka
Aim: a quokka (almost dead)
The flame tongue hits the quokka.
You kill the quokka!
Your Dodging skill increases to level 2!
The gnoll closely misses you.
The kobold hits you with a whip of electrocution.
You die...

#######.#
#.####.@†....# #.#
#.....K####### #.#
##....g.# #.# #.####.#
#.# # #.##########.####
#g...............
#.####S#####......#####
#.....>.........g....%.
######.#####'##########


You could see a gnoll and a kobold.

Vanquished Creatures
  2 adders (D:2)
  2 gnolls (D:2)
  2 dart slugs
  8 goblins
  7 hobgoblins
  A quokka (D:2)
  7 bats
  2 giant newts (D:1)
  3 kobolds
  2 rats
  4 toadstools (D:1)
40 creatures vanquished.

Notes
Turn   | Place    | Note
--------------------------------------------------------------
     0 | D:1      | RudyRod the Demonspawn Fire Elementalist began the quest for the Orb.
     0 | D:1      | Reached XP level 1. HP: 13/13 MP: 3/3
   325 | D:1      | Reached skill level 3 in Fire Magic
   325 | D:1      | Gained mutation: You are immune to rotting. [demonic ancestry]
   325 | D:1      | Reached XP level 2. HP: 14/19 MP: 3/5
  1410 | D:2      | Reached XP level 3. HP: 23/24 MP: 1/6
  2461 | D:2      | Gained mutation: You have a pair of small horns on your head. [demonic ancestry]
  2461 | D:2      | Reached XP level 4. HP: 20/30 MP: 2/8
  2523 | D:2      | Slain by a kobold

Skill      XL: |  1  2  3  4 |
---------------+-------------+-----
Fire Magic     | 3 |  3.5
Dodging        | 2 |  2.0
Armour         | |  0.6
Stealth        | |  1.8
Spellcasting   | |  2.9
Conjurations   | |  1.4

Action                   |  1- 3 |  4- 6 || total
-------------------------+-------+-------++-------
Melee: Unarmed           |    22 |       ||    22
       Club              |     3 |       ||     3
       Dagger            |    22 |     7 ||    29
       Headbutt          |       |     1 ||     1
 Cast: Flame Tongue      |    55 |     7 ||    62
  Use: Scroll            |     5 |       ||     5
       Potion            |       |     1 ||     1
  Eat: Chunk             |     4 |       ||     4
       Bread ration      |     1 |       ||     1
Armor: Robe              |     2 |       ||     2
       Leather armour    |     6 |     7 ||    13
Dodge: Dodged            |    39 |    19 ||    58
